 Dungeon Crawl Stone Soup version 0.24.0-13-gcf9b3192b9 (webtiles) character file.

Game seed: 15360822076415331277, levelgen mode: deterministic

148719 Majang the Fighter (level 16, -3/220 HPs)
             Began as a Minotaur Berserker on Nov 6, 2019.
             Was the Champion of Trog.
             Slain by a wolf spider (7 damage)
             ... on level 2 of the Spider Nest on Nov 7, 2019.
             The game lasted 01:57:42 (25718 turns).

Majang the Fighter (Minotaur Berserker)            Turns: 25718, Time: 01:57:42

Health: -3/220     AC: 20    Str: 33    XL:     16   Next: 94%
Magic:  23/23      EV: 17    Int:  4    God:    Trog [******]
Gold:   2065       SH:  5    Dex: 11    Spells: 15/15 levels left

rFire    + . .     SeeInvis .   a - +6 battleaxe (vamp)
rCold    + . .     Gourm    .   (shield currently unavailable)
rNeg     . . .     Faith    .   s - +0 plate armour
rPois    +         Spirit   .   W - +1 hat
rElec    .         Reflect  +   X - scarf {rC+ rF+}
rCorr    .         Harm     .   C - +0 pair of gloves
MR       +....                  O - +0 pair of boots
Stlth    ..........             x - +5 amulet of reflection
HPRegen  0.46/turn              I - ring of poison resistance
MPRegen  0.18/turn              t - +2 ring of evasion

@: berserking, very quick
A: retaliatory headbutt, horns 2
a: Berserk, Trog's Hand, Brothers in Arms, Renounce Religion


You were on level 2 of the Spider Nest.
You worshipped Trog.
Trog was exalted by your worship.
You were near starving.

You visited 5 branches of the dungeon, and saw 24 of its levels.
You also visited: Sewer, Ice Cave and Volcano.

You collected 2777 gold pieces.
You spent 712 gold pieces at shops.

Inventory:

Hand Weapons
 a - a +6 vampiric battleaxe (weapon)
 b - the +10 battleaxe "Keinwe" {flame, rElec rF- SInv}
   (Trog gifted it to you on level 2 of the Orcish Mines)

   It has been specially enchanted to burn those struck by it, causing extra
   injury to most foes and up to half again as much damage against particularly
   susceptible opponents.
   Big, fiery blades are also staple armaments of hydra-hunters.
   It makes you vulnerable to fire.
   It insulates you from electricity.
   It lets you see invisible.
 f - a +5 antimagic battleaxe
 p - the +5 scythe "Finisher" {speed, eviscerate}
   (You found it on level 7 of the Dungeon)

   Attacks with this weapon are significantly faster.
 K - a +2 antimagic bardiche
Armour
 d - a +3 leather armour of fire resistance
 s - a +0 plate armour (worn)
 C - a +0 pair of gloves (worn)
 O - a +0 pair of boots (worn)
 W - a +1 hat (worn)
 X - a scarf of resistance (worn)
Jewellery
 m - an uncursed amulet of the acrobat
 t - a +2 ring of evasion (right hand)
 u - a +5 ring of dexterity
 x - a +5 amulet of reflection (around neck)
 y - an uncursed ring of positive energy
 E - an uncursed amulet of the gourmand
 F - a +4 ring of intelligence
 H - an uncursed ring of resist corrosion
 I - a ring of poison resistance (left hand)
 Y - an uncursed ring of protection from cold
Wands
 i - a wand of polymorph (6)
 o - a wand of digging (9)
 r - a wand of iceblast (10)
 w - a wand of acid (12)
 G - a wand of paralysis (15)
 M - a wand of flame (30)
 S - a wand of disintegration (9)
Scrolls
 e - 7 scrolls of remove curse
 n - 5 scrolls of enchant armour
 z - 4 scrolls of teleportation
 D - 2 scrolls of blinking
 R - a scroll of magic mapping
 T - a scroll of fear
Potions
 g - 5 potions of might
 h - 2 potions of curing
 k - 7 potions of flight
 l - 2 potions of heal wounds
 q - a potion of agility
 v - a potion of haste
 A - 4 potions of lignification
 B - 2 potions of berserk rage
 J - a potion of cancellation
 L - a potion of resistance {unknown}
 N - a potion of degeneration {unknown}
 Q - a potion of invisibility {unknown}
 V - 2 potions of brilliance
Comestibles
 c - 51 rations


   Skills:
 + Level 14.7 Fighting
 * Level 13.6(16.0) Axes
 * Level 14.5(16.5) Polearms
 + Level 14.3 Armour
 + Level 13.5 Dodging
 + Level 10.9 Evocations


You had 15 spell levels left.
You didn't know any spells.
Your spell library was empty.

Dungeon Overview and Level Annotations

Branches:
Dungeon (13/15)            Temple (1/1) D:5            Lair (6/6) D:8
  Swamp (0/4) Lair:2       Spider (2/4) Lair:4        Slime (0/5) Lair:6
    Orc (2/2) D:12            Elf (0/3) Orc:2        Vaults (0/5) D:13
  Sewer (visited)           IceCv (visited)         Volcano (visited)

Altars:
Ashenzari
Cheibriados
Dithmenos
Elyvilon
Fedhas
Gozag
Hepliaklqana
Kikubaaqudgha
Makhleb
Nemelex Xobeh
Okawaru
Qazlal
Ru
Sif Muna
Trog
Uskayaw
Vehumet
Wu Jian
Xom
Yredelemnul
Zin
The Shining One
Jiyva

Shops:
D:7 %   D:10 =   Orc:2 :[=:

Annotations:
Lair:2 exclusion: ice statue
Lair:3 2 transporters, Irhican's ghost, journeyman MiBe


Innate Abilities, Weirdness & Mutations

You reflexively headbutt those who attack you in melee.
You have a pair of horns on your head.


Message History

You feel a strong urge to attack something.
The wolf spider hits you!
* * * LOW HITPOINT WARNING * * *
The wolf spider completely misses you. You block the wolf spider's attack.
The wolf spider bites you but does no damage.
The wolf spider closely misses you. You furiously retaliate!
You headbutt the wolf spider! The wolf spider barely misses you.
The wolf spider hits you but does no damage.
The wolf spider bites you.
* * * LOW HITPOINT WARNING * * *
The jumping spider leaps! x2
You slice the wolf spider!! Your headbutt misses the wolf spider.
The wolf spider is almost dead.
You slice the wolf spider!!
You feel better.
You slash the wolf spider! x2
You block the wolf spider's attack. x2; The wolf spider hits you!
* * * LOW HITPOINT WARNING * * *
The wolf spider bites you but does no damage.
The wolf spider hits you but does no damage.
The wolf spider bites you!
You die...

.##.....##...°
........#.$..
.........°..
#≈#....s...^
##......... ).
#.s.ss°..
#≈####≈#.sss# #
≈....#..ssss# .^
....##.ss@##...
###......##C......
..........≈..####.
..........#≈##
#######....#...
.......<#^.#.....
........#≈.#.#≈##
......#..#≈#≈#.
##..#.#..#..


You could see 5 wolf spiders, 2 orb spiders, 3 jumping spiders, 2 tarantellas, a
redback and a friendly cyclops (berserk).

Vanquished Creatures
  Rupert (Lair:4)
  Agnes (Spider:1)
  Roxanne (Spider:1)
  A frost giant (IceCv)
  A stone giant (Orc:2)
  An entropy weaver (Spider:1)
  A dire elephant (Lair:6)
  Snorg (Lair:6)
  Josephine (Lair:5)
  Fannar (Lair:1)
  A vault guard (D:13)
  7 hydras
  2 centaur warriors (D:13)
  15 two-headed ogres
  4 ogre magi (Orc:2)
  7 death yaks
  An orc high priest (Orc:1)
  A lindwurm (Lair:6)
  2 ugly things
  2 wolf spiders (Spider:1)
  An orc sorcerer (Orc:2)
  An orb spider (Spider:1)
  An orc knight (Orc:1)
  3 deep elf magi (D:13)
  A manticore (D:13)
  An ice statue (IceCv)
  8 elephants
  Joseph (D:7)
  Psyche (D:10)
  6 black mambas
  2 torpor snails
  8 spiny frogs
  3 molten gargoyles (Volcano)
  3 komodo dragons
  4 rime drakes
  2 kobold demonologists
  2 efreet (Volcano)
  2 demonic crawlers (Spider:1)
  4 trolls
  7 jumping spiders (Spider:1)
  29 polar bears
  16 blink frogs
  A raiju (Lair:6)
  2 bog bodies (Lair:2)
  3 dream sheep (Lair:6)
  8 hippogriffs
  2 wyverns
  9 tarantellas
  21 redbacks
  9 wraiths
  69 yaks
  3 basilisks
  5 fire elementals (Volcano)
  2 hungry ghosts
  9 wargs
  3 swamp worms (Lair:2)
  16 hell hounds (Lair:6)
  15 water moccasins
  8 porcupines
  An eye of draining (D:7)
  Purgy (D:4)
  A sky beast (D:7)
  13 black bears
  7 ice beasts
  6 necrophages
  15 orc warriors
  33 wolves
  33 ogres
  2 phantoms
  13 centaurs
  A centaur (shapeshifter) (D:13)
  5 big kobolds
  10 crocodiles
  16 bullfrogs
  2 elf zombies (D:9)
  Blork the orc (D:5)
  2 gnoll sergeants
  3 earth elementals (Volcano)
  A water moccasin zombie (D:6)
  4 scorpions
  7 killer bees
  11 wights
  4 electric eels
  4 howler monkeys
  4 crimson imps
  4 human zombies (D:9)
  A quasit (D:9)
  2 bullfrog zombies
  7 orc priests
  5 jellies
  14 orc wizards
  7 centaur skeletons
  14 hounds
  Crazy Yiuf (D:7)
  7 bullfrog skeletons
  Jessica (D:2)
  A human skeleton (D:9)
  4 iguanas
  10 worker ants
  A hound zombie (D:8)
  2 hound skeletons
  A mummy (D:9)
  2 worker ant zombies
  2 howler monkey zombies (D:11)
  16 gnolls
  A howler monkey skeleton (D:7)
  A river rat (D:3)
  15 adders
  A shadow imp (D:11)
  3 white imps (Lair:2)
  An ooze (D:3)
  An adder zombie (D:10)
  An adder skeleton (D:5)
  4 worms
  3 dart slugs
  9 leopard geckos
  56 orcs
  6 ball pythons
  17 giant cockroaches
  7 hobgoblins
  11 jackals
  A quokka (D:8)
  9 bats
  4 frilled lizards
  7 goblins
  A jackal skeleton (D:6)
  28 kobolds
  A leopard gecko zombie (D:6)
  9 rats
  3 fire vortices (Volcano)
  2 plants
847 creatures vanquished.

Vanquished Creatures (collateral kills)
  An orc warrior (D:10)
1 creature vanquished.

Vanquished Creatures (others)
  A polar bear (IceCv)
  A yak (IceCv)
  2 wolves (IceCv)
  A fungus (Lair:2)
  9 plants
14 creatures vanquished.

Grand Total: 862 creatures vanquished

Notes
Turn   | Place    | Note
-------+----------+-------------------------------------------
     0 | D:1      | Majang the Minotaur Berserker began the quest for the Orb.
     0 | D:1      | Reached XP level 1. HP: 19/19 MP: 0/0
   207 | D:1      | Reached XP level 2. HP: 27/27 MP: 1/1
   961 | D:2      | Noticed Jessica
   973 | D:2      | Killed Jessica
   973 | D:2      | Reached XP level 3. HP: 15/33 MP: 2/2
  1191 | D:2      | Reached XP level 4. HP: 26/40 MP: 3/3
  1688 | D:2      | Reached ** piety under Trog
  1692 | D:2      | Reached skill level 5 in Axes
  2231 | D:2      | Found a shimmering blue altar of Sif Muna.
  2429 | D:3      | Found a glowing drain.
  2439 | D:3      | Reached XP level 5. HP: 37/47 MP: 4/4
  2461 | Sewer    | Entered a sewer
  2731 | Sewer    | Reached XP level 6. HP: 46/55 MP: 5/5
  2732 | Sewer    | Reached skill level 5 in Fighting
  3060 | D:3      | Reached *** piety under Trog
  3909 | D:4      | Found a bloodstained altar of Trog.
  4033 | D:4      | Noticed Purgy
  4038 | D:4      | Killed Purgy
  4093 | D:4      | Reached XP level 7. HP: 54/61 MP: 6/6
  4470 | D:5      | Entered Level 5 of the Dungeon
  4627 | D:5      | Reached skill level 5 in Armour
  4667 | D:5      | Noticed Blork the orc
  4678 | D:5      | Killed Blork the orc
  4860 | D:5      | Found a staircase to the Ecumenical Temple.
  4868 | Temple   | Entered the Ecumenical Temple
  5290 | D:6      | Found a sacrificial altar of Ru.
  5343 | D:6      | Reached skill level 1 in Evocations
  5343 | D:6      | Reached XP level 8. HP: 60/70 MP: 7/7
  5446 | D:6      | Reached skill level 5 in Dodging
  5459 | D:6      | Found a hide-covered altar of Uskayaw.
  5524 | D:6      | Reached **** piety under Trog
  5734 | D:6      | Found an ornate altar of the Wu Jian Council.
  5735 | D:6      | Found a glowing silver altar of Zin.
  5847 | D:7      | Found the +5 scythe "Finisher" {speed, eviscerate}
  5870 | D:7      | Reached skill level 1 in Polearms
  5947 | D:7      | Reached XP level 9. HP: 75/79 MP: 10/10
  6242 | D:7      | Found Ririm's Food Shop.
  6310 | D:7      | Found a snail-covered altar of Cheibriados.
  6421 | D:7      | Noticed Joseph
  6429 | D:7      | Killed Joseph
  6917 | D:7      | Found a runed translucent door.
  6918 | D:7      | Noticed Crazy Yiuf
  6924 | D:7      | Killed Crazy Yiuf
  7058 | D:8      | Reached XP level 10. HP: 90/90 MP: 12/12
  7241 | D:8      | Found a staircase to the Lair.
  7303 | D:8      | Reached skill level 5 in Polearms
  7484 | D:8      | Reached ***** piety under Trog
  7880 | D:8      | Found a shimmering blue altar of Sif Muna.
  8148 | Lair:1   | Entered Level 1 of the Lair of Beasts
  8150 | Lair:1   | Noticed a spiny frog
  8153 | Lair:1   | Killed a spiny frog
  8153 | Lair:1   | Reached skill level 5 in Evocations
  8379 | Lair:1   | Noticed Fannar
  8387 | Lair:1   | Killed Fannar
  8387 | Lair:1   | Reached XP level 11. HP: 95/99 MP: 14/14
  8564 | Lair:1   | Noticed a five-headed hydra
  8572 | Lair:1   | Killed a ten-headed hydra
  9137 | Lair:2   | Reached skill level 10 in Fighting
  9341 | Lair:2   | Noticed a four-headed hydra
  9346 | Lair:2   | Noticed a six-headed hydra
  9348 | Lair:2   | Killed a four-headed hydra
  9355 | Lair:2   | Killed an 11-headed hydra
  9355 | Lair:2   | Reached skill level 10 in Armour
  9560 | Lair:2   | Found a dark tunnel.
  9586 | Volcano  | Entered a volcano
  9716 | Volcano  | Received a gift from Trog
  9882 | Volcano  | Noticed a lindwurm
  9882 | Volcano  | Noticed a lindwurm
 10658 | Lair:2   | Reached XP level 12. HP: 108/108 MP: 16/16
 10889 | Lair:2   | Reached skill level 10 in Dodging
 11366 | Lair:2   | Found a staircase to the Swamp.
 11946 | Lair:3   | Noticed a death yak
 11946 | Lair:3   | Noticed a death yak
 11953 | Lair:3   | Noticed a death yak
 11953 | Lair:3   | Noticed a death yak
 11969 | Lair:3   | Killed a death yak
 11970 | Lair:3   | Killed a death yak
 11971 | Lair:3   | Killed a death yak
 11973 | Lair:3   | Killed a death yak
 12152 | Lair:3   | Found a transporter.
 12152 | Lair:3   | Noticed Irhican's ghost (journeyman MiBe)
 12154 | Lair:3   | Found a transporter.
 12834 | Lair:4   | Received a gift from Trog
 12901 | Lair:4   | Found a hole to the Spider Nest.
 13309 | Lair:4   | Noticed an eight-headed hydra
 13315 | Lair:4   | Killed an 11-headed hydra
 13424 | Lair:4   | Noticed Rupert
 13769 | Lair:4   | Killed Rupert
 13769 | Lair:4   | Reached skill level 10 in Polearms
 14195 | Lair:5   | Got a transparent war axe
 14196 | Lair:5   | Identified the +6 war axe of Objectivity {vamp, Str+2} (You
                  | found it on level 5 of the Lair of Beasts)
 14295 | Lair:5   | Reached XP level 13. HP: 118/118 MP: 18/18
 14491 | Lair:5   | Noticed Josephine
 14504 | Lair:5   | Killed Josephine
 14540 | Lair:5   | Found a frozen archway.
 14551 | IceCv    | Entered an ice cave
 15408 | IceCv    | Noticed a frost giant
 15434 | IceCv    | Killed a frost giant
 16183 | Lair:6   | Entered Level 6 of the Lair of Beasts
 16209 | Lair:6   | Noticed Snorg
 16214 | Lair:6   | Killed Snorg
 16341 | Lair:6   | Found a viscous altar of Jiyva.
 16341 | Lair:6   | Found a staircase to the Slime Pits.
 16576 | Lair:6   | Found a glowing golden altar of the Shining One.
 17100 | Lair:6   | Received a gift from Trog
 17404 | Lair:6   | Reached XP level 14. HP: 125/129 MP: 20/20
 18071 | Lair:6   | Reached ****** piety under Trog
 18077 | Lair:6   | Reached skill level 10 in Evocations
 18319 | Lair:6   | Received a gift from Trog
 19179 | D:9      | Found an ancient bone altar of Kikubaaqudgha.
 19316 | D:10     | Entered Level 10 of the Dungeon
 19464 | D:10     | Noticed Psyche
 19475 | D:10     | Killed Psyche
 19568 | D:10     | Reached skill level 10 in Axes
 19680 | D:10     | Found Fostuwua's Jewellery Shoppe.
 19700 | D:10     | Bought a cursed ring of teleportation for 54 gold pieces
 19723 | D:10     | Received a gift from Trog
 21527 | D:12     | Found a staircase to the Orcish Mines.
 21778 | Orc:1    | Entered Level 1 of the Orcish Mines
 21825 | Orc:2    | Entered Level 2 of the Orcish Mines
 21825 | Orc:2    | Found a staircase to the Elven Halls.
 21834 | Orc:2    | Paralysed by an orc sorcerer for 2 turns
 21997 | Orc:2    | Noticed a stone giant
 22011 | Orc:2    | Killed a stone giant
 22011 | Orc:2    | Received a gift from Trog
 22012 | Orc:2    | Got a faintly glowing battleaxe {god gift}
 22013 | Orc:2    | Identified the +10 battleaxe "Keinwe" {flame, rElec rF-
                  | SInv} (Trog gifted it to you on level 2 of the Orcish
                  | Mines)
 22042 | Orc:2    | Reached XP level 15. HP: 106/138 MP: 21/21
 22165 | Orc:2    | Found Xyopsaenk's Jewellery Emporium.
 22166 | Orc:2    | Found Suheafak's Book Shop.
 22166 | Orc:2    | Found Syin Fil's Antique Armour Emporium.
 22166 | Orc:2    | Found Optorow's Book Boutique.
 22178 | Orc:2    | Bought an uncursed ring of positive energy for 280 gold
                  | pieces
 22178 | Orc:2    | Bought a +4 ring of intelligence for 378 gold pieces
 23366 | D:13     | Received a gift from Trog
 24076 | D:13     | Found a gate to the Vaults.
 24412 | Spider:1 | Entered Level 1 of the Spider Nest
 24913 | Spider:1 | Noticed Agnes
 24921 | Spider:1 | Killed Agnes
 25018 | Spider:1 | Reached XP level 16. HP: 147/147 MP: 23/23
 25124 | Spider:1 | Identified Roxanne's Tome of the Rocks
 25124 | Spider:1 | Noticed Roxanne
 25141 | Spider:1 | Killed Roxanne
 25141 | Spider:1 | Received a gift from Trog
 25718 | Spider:2 | HP: 4/220 [wolf spider (16)]
 25718 | Spider:2 | Slain by a wolf spider

Levels and vault maps discovered:
D:1:      denvon_arrival_planthouse, layout_loops_ring
D:2:      minmay_general_purpose_star, layout_basic, led_sif_pool,
          minmay_tetromino_l2, uniq_jessica
D:3:      minmay_door_path, layout_basic, first_ration, portal_sewer_entry_b,
          serial_bayou, serial_bayou_lagoon_b, serial_bayou_shore_a,
          serial_bayou_lagoon_a, serial_bayou_shore_b, serial_bayou_pond_e
D:4:      layout_cave_pools, bloody_trog, uniq_purgy
D:5:      layout_loops_ring, minmay_temple_entry_drinking_statues,
          kennysheep_boxes, uniq_blork_the_orc
D:6:      layout_basic, kennysheep_mini_moat, gammafunk_temple_overflow_pools,
          nicolae_ru_the_path_less_chosen
D:7:      cheibrodos_barr_body, layout_loops_ring, overflow_temple_1_default,
          serial_shops, nicolae_shop_statue_plus,
          minmay_guarded_unrand_finisher, uniq_joseph, uniq_crazy_yiuf_cottage
D:8:      layout_basic, erik_lair_island, basic_altar, serial_corexii_hall,
          corexii_hall_statues_i, chequers_hall_statues_y,
          corexii_hall_statues_l, chequers_hall_statues_wall_a
D:9:      layout_small_grid, lemuel_mausoleum_altar_kikubaaqudgha
D:10:     layout_basic, serial_shops, shop_statue, uniq_psyche
D:11:     layout_grid_maze
D:12:     layout_roguey, minmay_orc_entry_guard_dogs
D:13:     layout_grid_maze, david_vaults_5
Temple:   lightli_temple_of_artemis
Lair:1:   layout_regular_city, chequers_serial_rivers_small_b, uniq_fannar
Lair:2:   layout_long_grid, nicolae_swamp_entry_splash_gauntlet,
          nicolae_volcano_entry_lava_flow, ice2_lemuel
Lair:3:   layout_chaotic_city, gammafunk_ghost_arena
Lair:4:   layout_cave_pods, spider_nest_entry_webs, lemuel_fruit_tree,
          infiniplex_staircase_pool, uniq_rupert
Lair:5:   layout_cave_pods, portal_ice_cave_entry_pillars_1, uniq_josephine
Lair:6:   hangedman_lair_caniforms_friends, layout_layer_cave,
          hangedman_lair_in_review, dpeg_slime_entry_enclosed_altar,
          basic_altar, uniq_snorg
Spider:1: layout_spider_delve, uniq_roxanne, uniq_agnes
Spider:2: layout_spider_delve, uniq_nikola
Orc:1:    layout_diamond_mine, sword_in_stone
Orc:2:    st_orc_ogre_mass, layout_caves

Skill      XL: |  1  2  3  4  5  6  7  8  9 10 11 12 13 14 15 |
---------------+----------------------------------------------+-----
Axes           | 4 5 6 7 9 10 13 | 13.6
Fighting       | 4 5 6 7 8 9 10 12 13 14 | 14.7
Armour         | 3 4 5 6 7 9 10 11 12 13 14 | 14.3
Dodging        | 3 4 5 7 8 9 11 12 13 | 13.5
Evocations     | 1 2 4 5 7 8 9 10 | 10.9
Polearms       | 1 4 6 8 10 11 13 14 | 14.5

Action                   |  1- 3 |  4- 6 |  7- 9 | 10-12 | 13-15 | 16-18 || total
-------------------------+-------+-------+-------+-------+-------+-------++-------
Melee: Hand axe          |    50 |   152 |    88 |       |       |       ||   290
       Headbutt          |     4 |    22 |    34 |    82 |   275 |    15 ||   432
       Scythe            |       |       |   129 |   362 |   211 |       ||   702
       Battleaxe         |       |       |       |    21 |   597 |    43 ||   661
       War axe           |       |       |       |    19 |   376 |       ||   395
Invok: Berserk           |     2 |     2 |     3 |     4 |     1 |     2 ||    14
       Brothers in Arms  |       |       |       |       |       |     1 ||     1
Evoke: Wand              |       |       |       |    14 |    11 |     1 ||    26
  Use: Scroll            |     1 |    12 |     4 |     9 |    18 |       ||    44
       Potion            |     2 |       |       |     3 |     1 |     1 ||     7
 Stab: Paralysed         |       |       |       |       |     2 |       ||     2
  Eat: Chunk             |     1 |    13 |    12 |    34 |    37 |     3 ||   100
Armor: Animal skin       |    12 |       |       |       |       |       ||    12
       Robe              |     1 |     7 |       |       |       |       ||     8
       Ring mail         |       |    24 |    52 |    12 |       |       ||    88
       Plate armour      |       |       |       |   154 |   598 |    64 ||   816
       Leather armour    |       |       |       |     2 |       |       ||     2
Dodge: Dodged            |    44 |   106 |   104 |   237 |   894 |    53 ||  1438
Block: Other             |       |       |     2 |    14 |   165 |     8 ||   189
       Reflection        |       |       |       |       |    10 |       ||    10
